cohdb
Replays
Latest Replays
All Replays
Popular Replays
Top Player Replays
Match Explorer
How It Works
Community
CoH3 Stats
Reddit
Sign in to upload your games and track your stats! →
Sign in with Steam
Match 41375940
Unlisted
Match 41375940
Overview
Messages
Build Orders
End
Panzergrenadier Squad
Kradschützen Motorcycle Team
Selects Panzerjäger Kommand Battlegroup
Selects Mine Fields
Panzergrenadier Squad
Panzergrenadier Squad
Panzergrenadier Squad
Construct Light Support Kompanie
Construct Mechanized Kompanie
2.5-tonne Medical Truck
Selects Defensive Positions
Veteran Squad Leaders
Panzerjäger Mechanized Group
Selects Tank Busters
Selects Butterfly Bomb Drop
Construct Panzerarmee Kommand
Butterfly Bomb Drop
Panzer III L Medium Tank
Selects Crew Shock Tactics
Butterfly Bomb Drop
Walking Stuka Rocket Launcher
Emergency Repair Kits
Panzerjäger Mechanized Group
Selects Elefant Tank Destroyer
Butterfly Bomb Drop
Fortune
千石抚子
0
0
Comments
sign in to comment!
No comments posted yet!